[Event "ICC tourney 2564 (45 10)"]
[Site "Internet Chess Club"]
[Date "2021.05.15"]
[Round "4"]
[White "HEBBAR, ESHAAN:solveur"]
[Black "BULYCHEV-OKSER, MICHAEL:gardemarin13"]
[Result "0-1"]
[ICCResult "White resigns"]
[WhiteElo "1333"]
[BlackElo "1936"]
[Opening "Nimzo-Indian: three knights variation"]
[ECO "E21"]
[NIC "NI.28"]
[Time "18:32:09"]
[PlyCount "209"]
[TimeControl "2700+10"]

1. d4 Nf6 2. c4 e6 3. Nf3 Bb4+ 4. Nc3 c5 5. a3 Bxc3+ 6. bxc3 Qa5 7. Qc2
cxd4 8. Nxd4 Nc6 9. Nb3 Qe5 10. g3 b6 11. Bg2 Ba6 12. Bf4 Qh5 13. Nd2 O-O
14. Bf3 Qh3 15. Qa4 Bb7 16. Ne4 Nxe4 17. Bxe4 f5 18. Bf3 e5 19. Bxe5 Nxe5
20. Bxb7 Rae8 21. Bd5+ Kh8 22. Qd1 f4 23. Qd2 fxg3 24. hxg3 Qf5 25. O-O Qg4
26. Qa2 Rf6 27. Kg2 Ng6 28. f3 Nf4+ 29. Kf2 Rxe2+ 30. Qxe2 Nxe2 31. Kxe2
Qxg3 32. Rg1 Qh2+ 33. Kd3 Rf4 34. Rae1 Rf8 35. Rg5 Qf4 36. Rge5 g6 37. R1e3
d6 38. Re7 h5 39. Rxa7 h4 40. Re1 h3 41. Rh1 h2 42. Re7 Rf5 43. Re2 Rh5 44.
Rg2 Rh3 45. Rf2 g5 46. Ke2 Qg3 47. Kf1 g4 48. fxg4 Qd3+ 49. Kg2 Qg3+ 50.
Kf1 Kg7 51. Bf3 Qe5 52. Be2 Kg6 53. Kg2 Qg3+ 54. Kf1 Qxc3 55. Rhxh2 Rxh2
56. Rxh2 Qxa3 57. Rf2 Qc1+ 58. Kg2 Qe3 59. Bf3 Kg5 60. Re2 Qd4 61. Re4 Qc3
62. Kg3 Qc1 63. Kg2 Kh4 64. Be2 Qc3 65. Bf3 Qd2+ 66. Re2 Qf4 67. Rf2 Qxc4
68. Rf1 Qd4 69. Rh1+ Kg5 70. Rf1 b5 71. Rb1 b4 72. Kg3 Qc3 73. Rd1 Qe5+ 74.
Kg2 Kf6 75. Rb1 Qc3 76. Rd1 Ke5 77. Rd5+ Ke6 78. Rb5 Qd2+ 79. Kg3 d5 80.
Rb7 d4 81. Rb6+ Ke5 82. Rb5+ Kd6 83. Rd5+ Ke6 84. Rb5 Qe1+ 85. Kg2 d3 86.
Rd5 d2 87. Rd8 Ke5 88. Re8+ Kd4 89. Rd8+ Kc3 90. Rc8+ Kb2 91. Rd8 b3 92.
Rd7 Qe3 93. Rc7 d1=Q 94. Bxd1 Qd2+ 95. Kh3 Qxd1 96. Rb7 Qh1+ 97. Kg3 Qxb7
98. g5 Qg7 99. Kg4 Kc2 100. Kf5 b2 101. g6 b1=Q 102. Ke6 Qb5 103. Kd6 Qxg6+
104. Ke7 Qb7+ 105. Kd8 { White resigns } 0-1

[Event "ICC tourney 2564 (45 10)"]
[Site "Internet Chess Club"]
[Date "2021.05.15"]
[Round "5"]
[White "XIAO, MARINA:marinaxiao"]
[Black "XIAO, MICHAEL:michaelxiao"]
[Result "1/2-1/2"]
[ICCResult "Game drawn by mutual agreement"]
[WhiteElo "1547"]
[BlackElo "1297"]
[Opening "French: advance variation"]
[ECO "C02"]
[NIC "FR.03"]
[Time "21:01:12"]
[PlyCount "70"]
[TimeControl "2700+10"]

1. e4 e6 2. d4 d5 3. e5 c5 4. c3 cxd4 5. cxd4 Nc6 6. Nf3 Bb4+ 7. Nc3 Bxc3+
8. bxc3 Nge7 9. Bb2 Bd7 10. Bd3 Ng6 11. Qd2 O-O 12. O-O Rc8 13. Rab1 b6 14.
Ba6 Rc7 15. Ba3 Re8 16. Bd6 Nb8 17. Bxc7 Qxc7 18. Bd3 Rc8 19. Rbc1 b5 20.
Bxg6 hxg6 21. Qf4 Nc6 22. Ng5 Be8 23. Qh4 Ne7 24. Qh7+ Kf8 25. Qh8+ Ng8 26.
Nh7+ Ke7 27. Qxg8 Kd7 28. Qxg7 b4 29. Nf6+ Kc6 30. cxb4+ Kb6 31. Rxc7 Rxc7
32. Nxe8 Kb5 33. Nxc7+ Kxb4 34. Qf8+ Ka4 35. Qe8+ Ka3 { Game drawn by
mutual agreement } 1/2-1/2

[Event "ICC tourney 2564 (45 10)"]
[Site "Internet Chess Club"]
[Date "2021.05.15"]
[Round "5"]
[White "Gong, Andrew:TheDude865"]
[Black "GONG, JONATHAN YICHENG:Theutltl"]
[Result "1/2-1/2"]
[ICCResult "Game drawn by repetition"]
[WhiteElo "1543"]
[BlackElo "1562"]
[Opening "French: exchange variation"]
[ECO "C01"]
[NIC "FR.01"]
[Time "21:01:51"]
[PlyCount "121"]
[TimeControl "2700+10"]

1. e4 e6 2. d4 d5 3. exd5 exd5 4. Nf3 Bd6 5. Be3 Nf6 6. Nc3 O-O 7. Qd2 c6
8. Bf4 Bf5 9. Bxd6 Qxd6 10. O-O-O Nbd7 11. Bd3 Ne4 12. Rde1 Nxc3 13. Qxc3
Bxd3 14. Qxd3 Rfe8 15. Rxe8+ Rxe8 16. Qf5 Qe6 17. Qxe6 Rxe6 18. Re1 Nf6 19.
Rxe6 fxe6 20. Ne5 Ne4 21. f3 Nd6 22. b3 Kf8 23. c4 Ke7 24. Kd2 dxc4 25.
Nxc4 Nxc4+ 26. bxc4 Kd6 27. Kd3 b5 28. cxb5 cxb5 29. g4 Kd5 30. f4 g6 31.
h4 b4 32. h5 gxh5 33. gxh5 a5 34. h6 Kd6 35. Ke3 Kd5 36. Kd3 Kd6 37. Kc4
Kc6 38. Kb3 Kd5 39. Ka4 Kxd4 40. Kxa5 Kc3 41. Kb5 Kb2 42. Kxb4 Kxa2 43. Ka4
Kb2 44. Kb4 Ka2 45. Kc5 Kb2 46. Kc6 Kc3 47. Kc7 Kd4 48. Kd7 Ke4 49. Kxe6
Kxf4 50. Ke7 Kg5 51. Kf7 Kxh6 52. Kf6 Kh5 53. Kf5 Kh4 54. Kf4 Kh3 55. Kf3
Kh2 56. Kf2 Kh1 57. Kf1 Kh2 58. Kf2 Kh1 59. Kf1 Kh2 60. Kf2 Kh1 61. Kf1 {
Game drawn by repetition } 1/2-1/2

[Event "ICC tourney 2564 (45 10)"]
[Site "Internet Chess Club"]
[Date "2021.05.15"]
[Round "5"]
[White "AYYAPPAN, SANTHOSH:SanthoshA"]
[Black "YU, SICHENG:CheddarCheng1"]
[Result "1-0"]
[ICCResult "Black resigns"]
[WhiteElo "1652"]
[BlackElo "1427"]
[Opening "Giuoco Pianissimo: Italian four knights variation"]
[ECO "C55"]
[NIC "IG.01"]
[Time "21:01:13"]
[PlyCount "43"]
[TimeControl "2700+10"]

1. e4 e5 2. Nf3 Nc6 3. Bc4 Nf6 4. d3 Bc5 5. Nc3 O-O 6. O-O h6 7. Na4 Bb6 8.
Nxb6 axb6 9. h3 d5 10. exd5 Nxd5 11. Re1 Re8 12. Bd2 Na5 13. Nxe5 Nxc4 14.
Nxc4 b5 15. Ne3 Nf4 16. Qf3 Qg5 17. Kh1 Ne6 18. Bc3 c5 19. Nf1 b4 20. Bd2
Qg6 21. Ng3 Nd4 22. Rxe8+ { Black resigns } 1-0

[Event "ICC tourney 2564 (45 10)"]
[Site "Internet Chess Club"]
[Date "2021.05.15"]
[Round "5"]
[White "CHEN, HENRY:Bluebird1222"]
[Black "VATS, ATIKSH:avats"]
[Result "1-0"]
[ICCResult "Black resigns"]
[WhiteElo "1683"]
[BlackElo "1576"]
[Opening "French: Rubinstein variation"]
[ECO "C10"]
[NIC "FR.07"]
[Time "21:01:33"]
[PlyCount "60"]
[TimeControl "2700+10"]

1. e4 e6 2. d4 d5 3. Nc3 dxe4 4. Nxe4 Nd7 5. Nf3 Ngf6 6. Bg5 Be7 7. Bxf6
Nxf6 8. Bd3 O-O 9. h4 h6 10. Qe2 b6 11. Nxf6+ Bxf6 12. Qe4 g6 13. Qxa8 Bxd4
14. Qe4 Bxb2 15. Rb1 Bc3+ 16. Kf1 f5 17. Qe3 e5 18. Qxh6 Rf6 19. Bc4+ Be6
20. Bxe6+ Rxe6 21. Ng5 Re7 22. Qxg6+ Rg7 23. Qe6+ Kh8 24. Nf7+ Rxf7 25.
Qxf7 e4 26. Qxf5 Qd2 27. Qxe4 Bd4 28. Qe2 Qf4 29. Re1 c5 30. Qh5+ Kg8 {
Black resigns } 1-0

[Event "ICC tourney 2564 (45 10)"]
[Site "Internet Chess Club"]
[Date "2021.05.15"]
[Round "5"]
[White "THOMAS, MICHAEL G:chesslin"]
[Black "TREUSDELL, ROSS G:IveDoneEnough"]
[Result "1-0"]
[ICCResult "Black resigns"]
[WhiteElo "1739"]
[BlackElo "1727"]
[Opening "Queen's pawn: London system"]
[ECO "A45"]
[NIC "QP.07"]
[Time "21:01:11"]
[PlyCount "105"]
[TimeControl "2700+10"]

1. d4 Nf6 2. Bf4 g6 3. Nc3 d5 4. e3 Bg7 5. h4 c5 6. Nf3 cxd4 7. exd4 Bg4 8.
Qd2 Nc6 9. Ne5 Bd7 10. O-O-O O-O 11. Be2 Ne4 12. Nxe4 dxe4 13. Bh6 Nxe5 14.
Bxg7 Kxg7 15. dxe5 Be6 16. Qe3 Qa5 17. a3 h5 18. Qxe4 Bf5 19. Qe3 Rac8 20.
Bd3 Bxd3 21. Rxd3 Qa4 22. Rd2 Rfd8 23. Rhd1 Rd5 24. f4 Rdc5 25. g3 Rxc2+
26. Kb1 Rxd2 27. Rxd2 e6 28. Qd4 Qa5 29. Qd7 Qc5 30. Rd3 Rc7 31. Qd8 b5 32.
Qf6+ Kh7 33. Rc3 Qg1+ 34. Ka2 Qb6 35. Qd8 Rc6 36. Qxb6 Rxb6 37. Rc7 Kg7 38.
Rxa7 Kf8 39. Rc7 Ra6 40. Kb3 Ra4 41. Rc5 Re4 42. Rxb5 Re3+ 43. Kc4 Rxg3 44.
Kd4 Rg4 45. Ke3 Rxh4 46. a4 Rh1 47. Kf2 Ra1 48. a5 h4 49. Kg2 f6 50. exf6
Kf7 51. Kh3 Rf1 52. a6 Rxf4 53. Ra5 { Black resigns } 1-0

[Event "ICC tourney 2564 (45 10)"]
[Site "Internet Chess Club"]
[Date "2021.05.15"]
[Round "5"]
[White "ZHANG, SUNNY:AboardBuffalo"]
[Black "MISRA, PRAGYAN:SoaringHawk24"]
[Result "1-0"]
[ICCResult "Black checkmated"]
[WhiteElo "1623"]
[BlackElo "1515"]
[Opening "Ruy Lopez: closed, Borisenko defense"]
[ECO "C96"]
[NIC "RL.23"]
[Time "21:01:24"]
[PlyCount "55"]
[TimeControl "2700+10"]

1. e4 e5 2. Nf3 Nc6 3. Bb5 a6 4. Ba4 Nf6 5. O-O b5 6. Bb3 Be7 7. Re1 O-O 8.
c3 d6 9. h3 Na5 10. Bc2 c5 11. d4 Nc6 12. Be3 cxd4 13. cxd4 exd4 14. Nxd4
Nxd4 15. Qxd4 Ne8 16. Nc3 Bf6 17. Qd2 Nc7 18. Rad1 Ne8 19. Bf4 Bb7 20. Bxd6
Nxd6 21. Qxd6 Qxd6 22. Rxd6 Rad8 23. Red1 h6 24. f4 Bxc3 25. bxc3 Rxd6 26.
Rxd6 Rc8 27. e5 Rxc3 28. Rd8# { Black checkmated } 1-0

[Event "ICC tourney 2564 (45 10)"]
[Site "Internet Chess Club"]
[Date "2021.05.15"]
[Round "5"]
[White "WU, WENTAO:Threehundreds"]
[Black "SRIRAM, SHRAVAN:chickenlord999"]
[Result "1/2-1/2"]
[ICCResult "Game drawn by repetition"]
[WhiteElo "1481"]
[BlackElo "1522"]
[Opening "French: Tarrasch, closed variation"]
[ECO "C05"]
[NIC "FR.17"]
[Time "21:01:35"]
[PlyCount "75"]
[TimeControl "2700+10"]

1. e4 e6 2. d4 d5 3. Nd2 Nf6 4. e5 Nfd7 5. Bd3 c5 6. c3 Nc6 7. Ne2 Be7 8.
O-O O-O 9. Nf3 cxd4 10. cxd4 f6 11. Nf4 Nb6 12. exf6 Bxf6 13. Ne2 h6 14.
Re1 e5 15. dxe5 Nxe5 16. Nxe5 Bxe5 17. Ng3 Qf6 18. Qe2 Bxg3 19. fxg3 Bd7
20. Rf1 Qc6 21. Rxf8+ Rxf8 22. b3 Qc5+ 23. Be3 d4 24. Rc1 Qd6 25. Bf4 Qa3
26. Bc4+ Kh8 27. Rf1 Nxc4 28. bxc4 Re8 29. Qd2 d3 30. Bxh6 Qc5+ 31. Kh1
gxh6 32. Qxh6+ Kg8 33. Qg6+ Kh8 34. Qh6+ Kg8 35. Qg6+ Kh8 36. Qh6+ Kg8 37.
Qg6+ Kh8 38. Qh6+ { Game drawn by repetition } 1/2-1/2

[Event "ICC tourney 2564 (45 10)"]
[Site "Internet Chess Club"]
[Date "2021.05.15"]
[Round "5"]
[White "RICNESH, RAVIND G N:RickyCarlsen"]
[Black "WU, JONATHAN ZUANXU:wulovechess"]
[Result "1-0"]
[ICCResult "Black resigns"]
[WhiteElo "1700"]
[BlackElo "1586"]
[Opening "QGD: 6.Nf3"]
[ECO "D55"]
[NIC "QO.13"]
[Time "21:01:21"]
[PlyCount "95"]
[TimeControl "2700+10"]

1. d4 d5 2. c4 e6 3. Nc3 Nf6 4. Bg5 Be7 5. Nf3 O-O 6. e3 c5 7. dxc5 Bxc5 8.
Be2 Nc6 9. cxd5 exd5 10. Bxf6 Qxf6 11. Qxd5 Bb4 12. Qb3 Be6 13. Qc2 Bf5 14.
Bd3 Bxd3 15. Qxd3 Rfd8 16. Qc2 Na5 17. O-O Rac8 18. Rac1 Nc4 19. Qb3 Bxc3
20. Qxc3 Qxc3 21. bxc3 Nd2 22. Rfd1 Nxf3+ 23. gxf3 Rxd1+ 24. Rxd1 g6 25.
Rd3 Kg7 26. Kf1 Rc6 27. Ke2 Ra6 28. Rd2 Kf6 29. f4 Ke6 30. Kf3 Ra3 31. Rc2
f5 32. c4 Rd3 33. Ke2 Rd6 34. Rd2 Rxd2+ 35. Kxd2 Kd6 36. Kd3 Kc5 37. Kc3 b5
38. cxb5 Kxb5 39. f3 Ka4 40. e4 fxe4 41. fxe4 Kb5 42. Kd4 g5 43. fxg5 Kc6
44. Ke5 Kd7 45. Kf6 Ke8 46. Ke6 Kf8 47. e5 Ke8 48. h4 { Black resigns } 1-0

[Event "ICC tourney 2564 (45 10)"]
[Site "Internet Chess Club"]
[Date "2021.05.15"]
[Round "5"]
[White "Vieira, Daniel:danthedestroyer"]
[Black "HEBBAR, ESHAAN:solveur"]
[Result "1-0"]
[ICCResult "Black resigns"]
[WhiteElo "1635"]
[BlackElo "1333"]
[Opening "Owen defense"]
[ECO "B00"]
[NIC "VO.03"]
[Time "21:01:12"]
[PlyCount "69"]
[TimeControl "2700+10"]

1. e4 b6 2. d4 Bb7 3. Bd3 e6 4. Nf3 c5 5. c3 Nc6 6. O-O Qc7 7. a4 cxd4 8.
cxd4 Nb4 9. Nc3 Nxd3 10. Qxd3 a6 11. Bd2 Nf6 12. Rac1 Qb8 13. Bg5 Bb4 14.
Bxf6 gxf6 15. d5 O-O 16. h3 Kh8 17. Qd4 Be7 18. Qxb6 Rg8 19. Qe3 a5 20. Nh2
Ba6 21. Nb5 Bxb5 22. axb5 Qxb5 23. Qd4 e5 24. Qc3 f5 25. Qxe5+ Rg7 26. Qxe7
Rag8 27. Qe5 Qb3 28. g3 fxe4 29. Rfe1 d6 30. Qf6 Qxd5 31. Re3 Qd2 32. Rce1
d5 33. Ng4 d4 34. Nh6 Rf8 35. Nf5 { Black resigns } 1-0

[Event "ICC tourney 2564 (45 10)"]
[Site "Internet Chess Club"]
[Date "2021.05.15"]
[Round "5"]
[White "NGUYEN, THOMAS:tn285"]
[Black "KERR, JOSHUA MORGAN:AbleCompany"]
[Result "0-1"]
[ICCResult "White checkmated"]
[WhiteElo "1581"]
[BlackElo "1696"]
[Opening "Queen's pawn, Mason variation"]
[ECO "D00"]
[NIC "QP.08"]
[Time "21:01:26"]
[PlyCount "114"]
[TimeControl "2700+10"]

1. d4 d5 2. Bf4 Nf6 3. e3 e6 4. Nf3 Bd6 5. Bg3 O-O 6. Bd3 c5 7. c3 Nc6 8.
Ne5 Ne4 9. f4 f6 10. Nxc6 bxc6 11. Nd2 f5 12. Qh5 Nxd2 13. Kxd2 Qb6 14.
Rab1 Ba6 15. Bc2 cxd4 16. exd4 c5 17. Rhe1 cxd4 18. Kd1 Rf6 19. Bf2 Rg6 20.
Bxd4 Bc5 21. Bxc5 Qxc5 22. Qf3 Rd8 23. Bd3 Bxd3 24. Qxd3 Rxg2 25. Rxe6 Rg1+
26. Kc2 Rxb1 27. Kxb1 Qg1+ 28. Kc2 Qxh2+ 29. Qd2 Qxd2+ 30. Kxd2 Kf7 31. Ra6
Rd7 32. Ke3 Re7+ 33. Kf2 Rb7 34. Kf3 Rxb2 35. Rxa7+ Kg6 36. Ra6+ Kh5 37.
Ra7 Kh6 38. Ra6+ g6 39. Ra5 Rc2 40. Rxd5 Rxc3+ 41. Ke2 Ra3 42. Rd2 Kh5 43.
Rd3 Rxa2+ 44. Ke3 Ra4 45. Kf3 h6 46. Kg3 g5 47. fxg5 hxg5 48. Rf3 f4+ 49.
Kg2 Ra2+ 50. Kg1 Kg4 51. Rf1 Kg3 52. Kh1 f3 53. Kg1 Rg2+ 54. Kh1 Rh2+ 55.
Kg1 f2+ 56. Rxf2 Rxf2 57. Kh1 Rf1# { White checkmated } 0-1

[Event "ICC tourney 2564 (45 10)"]
[Site "Internet Chess Club"]
[Date "2021.05.15"]
[Round "5"]
[White "THAIN, JACK:jt1819"]
[Black "ZILBERMINTZ, LEV:chessrex"]
[Result "0-1"]
[ICCResult "White resigns"]
[WhiteElo "1712"]
[BlackElo "1855"]
[Opening "QP counter-gambit (elephant gambit)"]
[ECO "C40"]
[NIC "KP.10"]
[Time "21:02:13"]
[PlyCount "109"]
[TimeControl "2700+10"]

1. e4 e5 2. Nf3 d5 3. Nxe5 Bd6 4. d4 dxe4 5. Nc3 Bxe5 6. dxe5 Qxd1+ 7. Kxd1
Nc6 8. Bf4 Bf5 9. Bb5 O-O-O+ 10. Ke1 Nge7 11. Bg3 g5 12. Rd1 Nd4 13. Ba4 h5
14. h4 g4 15. Ne2 Ne6 16. Bb3 Nc6 17. c3 Rh7 18. Nf4 Nxf4 19. Rxd8+ Kxd8
20. Bxf4 Na5 21. Bg5+ Kc8 22. Bc2 Nc4 23. Bf6 Kd7 24. b3 Na3 25. Bd1 Nb5
26. Be2 c6 27. a4 Nc7 28. Kd2 Ne8 29. Bg5 Ke6 30. Bf4 f6 31. Bc4+ Ke7 32.
exf6+ Kxf6 33. Ke2 Rd7 34. Rd1 Rxd1 35. Kxd1 Be6 36. Bxe6 Kxe6 37. Ke2 Kf5
38. Ke3 Nf6 39. c4 Nd7 40. Bd6 Ne5 41. Kd4 Nd3 42. f3 gxf3 43. gxf3 Nc1 44.
fxe4+ Ke6 45. Bb8 Nxb3+ 46. Ke3 a6 47. Kf4 b5 48. axb5 axb5 49. cxb5 cxb5
50. Kg5 Nd2 51. Kf4 b4 52. Ke3 Nb3 53. Bg3 Nc5 54. Kd4 b3 55. Kxc5 { White
resigns } 0-1

[Event "ICC tourney 2564 (45 10)"]
[Site "Internet Chess Club"]
[Date "2021.05.15"]
[Round "5"]
[White "PREGON, JOSEPH JEFFERY:Fischeresque930"]
[Black "LIN, MICHAEL:loveEdinburgh"]
[Result "0-1"]
[ICCResult "White resigns"]
[WhiteElo "1785"]
[BlackElo "1792"]
[Opening "English: Carls' Bremen system"]
[ECO "A22"]
[NIC "EO.10"]
[Time "21:01:12"]
[PlyCount "120"]
[TimeControl "2700+10"]

1. c4 e5 2. Nc3 Nf6 3. g3 Nc6 4. Bg2 Bb4 5. e4 Bxc3 6. dxc3 d6 7. h3 Be6 8.
b3 Qe7 9. Ne2 Qd7 10. Be3 a6 11. Qd3 Qe7 12. g4 Nd7 13. Ng3 f6 14. Qe2 Nd8
15. Rd1 Nf7 16. h4 h6 17. Bf3 g6 18. Kd2 c6 19. Ra1 b5 20. cxb5 cxb5 21. h5
g5 22. Nf5 Bxf5 23. gxf5 O-O 24. a4 Nc5 25. Bxc5 dxc5 26. axb5 Qd7+ 27. Kc2
axb5 28. Qe3 Qc6 29. Kb2 Rfd8 30. Rhd1 Kg7 31. Rxd8 Rxa1 32. Kxa1 Nxd8 33.
Kb2 Nf7 34. Bg2 Nd6 35. Bf3 Nf7 36. Bg2 Qd6 37. Bf3 b4 38. cxb4 cxb4 39.
Be2 Qd4+ 40. Qxd4 exd4 41. Kc2 Ne5 42. Kd2 Kf8 43. Kc2 Ke7 44. Kd2 Kd6 45.
Kc2 Kc6 46. Kd2 Kc5 47. Kc2 d3+ 48. Bxd3 Kd4 49. Be2 Kxe4 50. Kd2 Nf3+ 51.
Kd1 Nh4 52. Kd2 Nxf5 53. Bd3+ Kf4 54. Be2 Nd4 55. Bd1 Ke4 56. Bc2+ Nxc2 57.
Kxc2 Kf3 58. Kd3 Kxf2 59. Kc4 g4 60. Kxb4 g3 { White resigns } 0-1

[Event "ICC tourney 2564 (45 10)"]
[Site "Internet Chess Club"]
[Date "2021.05.15"]
[Round "5"]
[White "BULYCHEV-OKSER, MICHAEL:gardemarin13"]
[Black "VALE CRUZ, ARMIN:trucker"]
[Result "1-0"]
[ICCResult "Black resigns"]
[WhiteElo "1936"]
[BlackElo "1709"]
[Opening "Scotch gambit"]
[ECO "C44"]
[NIC "SO.06"]
[Time "21:01:38"]
[PlyCount "121"]
[TimeControl "2700+10"]

1. e4 e5 2. Nf3 Nc6 3. d4 exd4 4. Bc4 Qf6 5. Bg5 Qg6 6. O-O Bc5 7. c3 d6 8.
Re1 Be6 9. Bxe6 fxe6 10. cxd4 Bxd4 11. Nxd4 Nxd4 12. Qxd4 Qxg5 13. Qc4
O-O-O 14. Qxe6+ Kb8 15. Nc3 c6 16. Rad1 Qf6 17. Qb3 Ne7 18. Re3 Rhf8 19. f3
Ng6 20. Ne2 h5 21. Nd4 Rc8 22. Ne6 Rfe8 23. Rxd6 Qe5 24. Rd7 Qb5 25. Nc5
Rc7 26. Rxc7 Kxc7 27. Qf7+ Re7 28. Ne6+ Kd6 29. Qxg6 Rxe6 30. Qxg7 Re7 31.
Qd4+ Kc7 32. e5 Qd5 33. Qxd5 cxd5 34. f4 Kc6 35. Rc3+ Kd7 36. Kf2 Ke6 37.
Ke3 Kf5 38. h3 Rd7 39. Rd3 h4 40. Rd4 b5 41. Kf3 a6 42. g4+ hxg3 43. Kxg3
Rg7+ 44. Kf3 Rh7 45. Kg3 Rg7+ 46. Kh2 Ke6 47. h4 a5 48. Kh3 b4 49. h5 Rc7
50. Kg4 Rg7+ 51. Kh4 Rc7 52. h6 Kf5 53. Rxd5 Rc2 54. Kg3 a4 55. h7 Rc8 56.
Rd6 a3 57. bxa3 bxa3 58. Rf6+ Ke4 59. Rh6 Rh8 60. Kg4 Kd5 61. Kf5 { Black
resigns } 1-0